 Dungeon Crawl Stone Soup version 0.13-a0-1710-g777f831 (webtiles) character file.

89 KrakatoaEdd the Digger (level 3, 0/26 HPs)
             Began as a Gargoyle Earth Elementalist on June 21, 2013.
             Succumbed to an adder's poison
             ... on Level 2 of the Dungeon.
             The game lasted 00:05:19 (1409 turns).

KrakatoaEdd the Digger (GrEE)                       Turns: 1409, Time: 00:05:19

HP   0/26        AC  2     Str 16      XL: 3   Next: 29%
MP   0/6         EV 12     Int 16      God:
Gold 56          SH  0     Dex 10      Spells:  2 memorised,  1 level left

Res.Fire  : . . .   See Invis. : .     - Unarmed
Res.Cold  : + . .   Warding    : .   c - +0 robe
Life Prot.: + . .   Conserve   : .   (no shield)
Res.Poison: .       Res.Corr.  : .   (no helmet)
Res.Elec. : .       Clarity    : .   (no cloak)
Sust.Abil.: . .     Spirit.Shd : .   (no gloves)
Res.Mut.  : .       Stasis     : .   (no boots)
Res.Rott. : .       Flight     : .   (no amulet)
Saprovore : . . .                    (no ring)
                                     (no ring)

@: mighty, mildly poisoned, not resistant to hostile enchantments, fairly
stealthy
A: fangs 1, talons 2, cold resistance 1, life protection 1, slow metabolism 1,
petrification resistance, trample resistance
a: no special abilities


You were on level 2 of the Dungeon.
You were very hungry.

You visited 1 branch of the dungeon, and saw 2 of its levels.

You collected 36 gold pieces.

Inventory:

Missiles
 b - 70 stones (quivered)
Armour
 c - a +0 robe (worn)
Comestibles
 a - 3 bread rations
Scrolls
 e - 2 scrolls of curse armour {unknown}
 f - a scroll of curse jewellery {unknown}
 h - a scroll of recharging {unknown}
 i - a scroll of fog {unknown}
Books
 d - a book of Geomancy

   Spells                             Type                      Level
   *Sandblast                         Earth                        1
   Stoneskin                          Transmutation/Earth          2
   Passwall                           Transmutation/Earth          3
   *Stone Arrow                       Conjuration/Earth            3
   Petrify                            Transmutation/Earth          4
   Lee's Rapid Deconstruction         Earth                        5


   Skills:
 - Level 1.7 Dodging
 - Level 2.1 Stealth
 + Level 1.3 Unarmed Combat
 + Level 1.5 Spellcasting
   Level 0.8 Transmutations
 * Level 4.9 Earth Magic


You had one spell level left.
You knew the following spells:

 Your Spells              Type           Power        Failure   Level  Hunger
a - Sandblast             Erth           ###...       3%          1    ##.....
b - Stone Arrow           Conj/Erth      #.....       28%         3    ####...


Dungeon Overview and Level Annotations

Branches:
Dungeon (2/27)

Altars:
Zin


Innate Abilities, Weirdness & Mutations

You have very sharp teeth.
You have razor-sharp toenails.
Your flesh is cold resistant.
You resist negative energy.
You have a slow metabolism.
You are immune to petrification.
You are resistant to trampling.


Message History

Aiming: Sandblast
Press: ? - help, Shift-Dir - straight line, f/p - adder
Aim: an adder (almost dead)
The blast of sand misses the adder.
* * * LOW HITPOINT WARNING * * *
You feel sick. The adder misses you.
You barely miss the adder.
The adder is severely wounded.
* * * LOW HITPOINT WARNING * * *
You feel sick.
You feel a little better. The adder bites you.
* * * LOW HITPOINT WARNING * * *
Drink which item? (? for menu, Esc to quit)
You feel very mighty all of a sudden.
It was a potion of might.
The adder bites you.
* * * LOW HITPOINT WARNING * * *
You punch the adder!
You kill the adder!
You die...

. . .# ## .#
#.######+#.# #
#.......!..##..#
#..............
#.##..@.......!
#........#####.
#........#.A.#
#.####.._#...#
#.# #...#...#
#.# #...#####.
#.# #<........
#.# #.........
#.####..#......


You could see an angel (confused).

Vanquished Creatures
  An adder (D:2)
  A giant gecko (D:1)
  4 bats (D:1)
  2 giant cockroaches
  5 goblins (D:1)
  2 hobgoblins (D:1)
  4 jackals (D:1)
  3 kobolds (D:1)
  2 giant newts (D:1)
  2 rats (D:1)
26 creatures vanquished.

Notes
Turn   | Place    | Note
--------------------------------------------------------------
     0 | D:1      | KrakatoaEdd, the Gargoyle Earth Elementalist, began the quest for the Orb.
     0 | D:1      | Reached XP level 1. HP: 14/14 MP: 3/3
   390 | D:1      | Reached XP level 2. HP: 20/20 MP: 4/4
   774 | D:1      | Reached skill level 1 in Unarmed Combat
   935 | D:1      | Reached XP level 3. HP: 7/26 MP: 1/6
  1166 | D:1      | Learned a level 3 spell: Stone Arrow
  1370 | D:2      | Found a glowing silver altar of Zin.
  1370 | D:2      | Noticed an angel
  1408 | D:2      | HP: 1/26 [adder (2)]
  1409 | D:2      | Succumbed to an adder's poison

Action                   || total
-------------------------++-------
Melee: Unarmed           ||    94
 Cast: Sandblast         ||    13
       Stone Arrow       ||     4
  Use: Potion            ||     1
